 Dungeon Crawl Stone Soup version 0.23.2-1-ga50397a6bc (webtiles) character file.

Game seed: 15248536546922060149

1131 Peloso the Slasher (level 8, -3/69 HPs)
             Began as a Minotaur Fighter on May 12, 2019.
             Slain by Dowan
             ... wielding a +4 dagger of electrocution
              (16 damage)
             ... on level 5 of the Dungeon.
             The game lasted 00:07:21 (3868 turns).

Peloso the Slasher (Minotaur Fighter)               Turns: 3868, Time: 00:07:22

Health: -3/69      AC: 13    Str: 22    XL:     8   Next: 13%
Magic:  7/7        EV:  6    Int: 10    God:
Gold:   328        SH: 10    Dex: 11    Spells: 7/7 levels left

rFire    . . .     SeeInvis .   a - +1 long sword
rCold    . . .     Gourm    .   c - +0 shield
rNeg     . . .     Faith    .   b - +3 chain mail
rPois    .         Spirit   .   (helmet restricted)
rElec    .         Reflect  .   (no cloak)
rCorr    .         Harm     .   (no gloves)
MR       .....                  (no boots)
Stlth    ..........             (no amulet)
HPRegen  0.21/turn              m - ring of stealth
MPRegen  0.10/turn              (no ring)

@: brilliant, hasted, very quick
A: retaliatory headbutt, horns 2
a: no special abilities


You were on level 5 of the Dungeon.
You were hungry.

You visited 2 branches of the dungeon, and saw 6 of its levels.

You collected 328 gold pieces.

Inventory:

Hand Weapons
 a - a +1 long sword (weapon)
Armour
 b - a +3 chain mail (worn)
 c - a +0 shield (worn)
Jewellery
 m - a ring of stealth (left hand)
Wands
 s - a wand of random effects (18)
Scrolls
 e - a scroll of amnesia
 g - a scroll of fog
 h - 3 scrolls of identify
 k - a scroll of noise {unknown}
 o - 2 scrolls of teleportation
 p - 2 scrolls of blinking {unknown}
 q - a scroll of enchant armour {unknown}
Potions
 d - 2 potions of might
 i - a potion of resistance {unknown}
 l - a potion of brilliance
 n - 2 potions of cancellation
Comestibles
 f - 5 rations


   Skills:
 + Level 5.4 Fighting
 + Level 7.9 Long Blades
 + Level 6.0 Armour
 + Level 1.2 Dodging
 + Level 1.0 Stealth
 + Level 6.5 Shields


You had 7 spell levels left.
You didn't know any spells.
Your spell library was empty.

Dungeon Overview and Level Annotations

Branches:
Dungeon (5/15)             Temple (1/1) D:4

Altars:
Ashenzari
Cheibriados
Dithmenos
Gozag
Makhleb
Nemelex Xobeh
Ru
Sif Muna
Uskayaw
Vehumet
Wu Jian
Xom
Yredelemnul
Zin
The Shining One
Beogh

Annotations:
D:5 Dowan


Innate Abilities, Weirdness & Mutations

You reflexively headbutt those who attack you in melee.
You have a pair of horns on your head.


Message History

Dowan barely misses you. You furiously retaliate!
You headbutt Dowan.
You riposte.
You hit Dowan but do no damage. Your headbutt misses Dowan.
Dowan is moderately wounded.
You block the adder's attack. Dowan completely misses you.
You completely miss Dowan.
Dowan is moderately wounded.
The adder bites you but does no damage. Dowan casts a spell at you.
The stone arrow hits you!
* * * LOW HITPOINT WARNING * * *
You block the adder's attack.
A quokka skeleton comes into view.
You block Dowan's attack.
It was a potion of brilliance.
You feel clever all of a sudden. You block the adder's attack.
You block Dowan's attack.
It was a potion of haste.
You feel yourself speed up. Dowan hits you but does no damage.
The adder bites you but does no damage. Dowan hits you but does no damage.
You are electrocuted!
You die...

........# #######.#
..# #.# #.#####'#+###
#..<........#
#...........##########
#.............)......#
#.....#+#+##.###e....#
#####. #.# #@##### ..
#.# #S# ##. #.# #.#
#.. ... ### #.# .Z#
... ...


You could see Dowan, an adder and a quokka skeleton.

Vanquished Creatures
  Grinder (D:5)
  Duvessa (D:5)
  3 ogres (D:4)
  A phantom (D:4)
  A big kobold (D:4)
  A howler monkey (D:4)
  A jelly (D:4)
  3 orc wizards (D:3)
  An orc priest (D:3)
  3 iguanas (D:4)
  A worker ant zombie (D:5)
  6 adders
  2 oozes
  3 worms (D:3)
  4 dart slugs
  4 leopard geckos
  10 orcs
  2 ball pythons
  5 goblins
  7 hobgoblins
  8 jackals
  3 quokkas
  10 bats
  6 frilled lizards
  8 kobolds
  3 rats (D:3)
98 creatures vanquished.

Notes
Turn   | Place    | Note
-------+----------+-------------------------------------------
     0 | D:1      | Peloso the Minotaur Fighter began the quest for the Orb.
     0 | D:1      | Reached XP level 1. HP: 19/19 MP: 0/0
    57 | D:1      | Reached XP level 2. HP: 27/27 MP: 1/1
   602 | D:2      | Reached skill level 3 in Long Blades
   602 | D:2      | Reached XP level 3. HP: 33/33 MP: 2/2
  1029 | D:2      | Found a shimmering altar of Xom.
  1100 | D:2      | Reached XP level 4. HP: 40/40 MP: 3/3
  1477 | D:3      | Reached skill level 4 in Long Blades
  1536 | D:3      | Reached XP level 5. HP: 36/46 MP: 4/4
  1579 | D:3      | Found a roughly hewn altar of Beogh.
  1594 | D:3      | Reached skill level 5 in Shields
  1703 | D:3      | Found a sacrificial altar of Ru.
  1739 | D:3      | Reached skill level 5 in Long Blades
  2017 | D:3      | Found a faded altar of an unknown god.
  2043 | D:3      | Found a snail-covered altar of Cheibriados.
  2389 | D:4      | Found a staircase to the Ecumenical Temple.
  2395 | Temple   | Entered the Ecumenical Temple
  2800 | D:4      | Noticed an ogre
  2810 | D:4      | Reached XP level 6. HP: 39/53 MP: 5/5
  3061 | D:4      | Reached skill level 6 in Long Blades
  3061 | D:4      | Reached skill level 5 in Armour
  3112 | D:4      | Reached XP level 7. HP: 59/60 MP: 6/6
  3418 | D:4      | Reached skill level 5 in Fighting
  3418 | D:4      | Reached skill level 7 in Long Blades
  3418 | D:4      | Reached skill level 1 in Dodging
  3790 | D:5      | Entered Level 5 of the Dungeon
  3806 | D:5      | Noticed Grinder
  3816 | D:5      | Killed Grinder
  3816 | D:5      | Reached XP level 8. HP: 48/68 MP: 7/7
  3844 | D:5      | Noticed Dowan
  3845 | D:5      | Noticed Duvessa
  3859 | D:5      | Killed Duvessa
  3859 | D:5      | Reached skill level 1 in Stealth
  3868 | D:5      | Slain by Dowan

Skill      XL: |  1  2  3  4  5  6  7  8 |
---------------+-------------------------+-----
Shields        | 4 5 6 |  6.5
Armour         | 4 5 6 |  6.0
Fighting       | 4 5 |  5.4
Long Blades    | 3 4 5 6 7 |  7.9
Dodging        | 1 |  1.2
Stealth        | 1 |  1.0

Action                   |  1- 3 |  4- 6 |  7- 9 || total
-------------------------+-------+-------+-------++-------
Melee: Long sword        |    93 |   144 |    82 ||   319
       Headbutt          |    10 |    25 |    18 ||    53
  Use: Scroll            |       |    10 |       ||    10
       Potion            |       |       |     2 ||     2
  Eat: Chunk             |       |     7 |     2 ||     9
Armor: Scale mail        |    10 |       |       ||    10
       Chain mail        |    72 |    82 |    44 ||   198
Dodge: Dodged            |    28 |    21 |    20 ||    69
Block: Shield            |    69 |    66 |    43 ||   178
       Rpst.: Long sword |    11 |     8 |     3 ||    22
